 Dungeon Sprint DCSS version 0.20.1-1-g8b1a95d (webtiles) character file.

327 potatolord6000 the Thaumaturge (level 6, -14/32 HPs)
             Began as a Deep Elf Summoner on Aug 29, 2017.
             Was an Elder of Sif Muna.
             Killed from afar by a molten gargoyle (27 damage)
             ... with a bolt of magma
             ... in the Dungeon (Sprint VII: "The Pits").
             The game lasted 00:07:50 (1176 turns).

potatolord6000 the Thaumaturge (Deep Elf Summoner)  Turns: 1176, Time: 00:07:51

Health: -14/32     AC:  2    Str:  5    XL:     6   Next: 24%
Magic:  5/21       EV: 18    Int: 22    God:    Sif Muna [****..]
Gold:   0          SH:  0    Dex: 15    Spells: 12/25 levels left

rFire    . . .     SeeInvis .   d - +2 dagger (venom)
rCold    . . .     Gourm    .   (no shield)
rNeg     . . .     Faith    .   a - +0 robe
rPois    .         Spirit   .   (no helmet)
rElec    .         Reflect  .   (no cloak)
rCorr    .         Harm     .   (no gloves)
MR       .....     NoTele   +   (no boots)
Stlth    ++........             (no amulet)
Regen    0.1/turn               (no ring)
MPRegen  0.2/turn               (no ring)

@: very slightly contaminated
A: no striking features
a: Divine Energy, Channel Magic, Forget Spell, Renounce Religion


You were in the Dungeon.
You worshipped Sif Muna.
Sif Muna was greatly pleased with you.
You were very full.

You visited 1 branch

Inventory:

Hand Weapons
 d - a +2 dagger of venom (weapon)
Armour
 a - a +0 robe (worn)
Scrolls
 l - 3 scrolls of remove curse
 m - 5 scrolls of amnesia
 n - a scroll of summoning
Potions
 e - 5 potions of curing
 f - 5 potions of heal wounds
 g - 3 potions of magic
 h - 3 potions of berserk rage
Books
 b - a book of Callings

   Spells                             Type                      Level
   a - Summon Small Mammal            Summoning                    1
   b - Call Imp                       Summoning                    2
   c - Call Canine Familiar           Summoning                    3
   d - Summon Guardian Golem          Hexes/Summoning              3
   e - Summon Lightning Spire         Summoning/Air                4
   f - Summon Ice Beast               Ice/Summoning                4
Comestibles
 c - 8 bread rations
 o - 40 fruits
 p - 5 meat rations


   Skills:
 + Level 9.2 Dodging
 - Level 2.4 Stealth
 + Level 10.0 Spellcasting
 + Level 9.1 Summonings
 + Level 3.9 Invocations


You had 12 spell levels left.
You knew the following spells:

 Your Spells              Type           Power        Failure   Level  Hunger
a - Summon Small Mammal   Summ           ####         1%          1    None
b - Call Imp              Summ           ######..     1%          2    None
c - Call Canine Familiar  Summ           ######..     1%          3    None
d - Summon Ice Beast      Ice/Summ       ####....     9%          4    ##.....
e - Summon Guardian Gole  Hex/Summ       ####....     2%          3    None


Dungeon Overview and Level Annotations

Branches:
Dungeon (1/1)

Altars:
Ashenzari
Cheibriados
Dithmenos
Elyvilon
Fedhas
Gozag
Hepliaklqana
Kikubaaqudgha
Makhleb
Nemelex Xobeh
Okawaru
Qazlal
Ru
Sif Muna
Trog
Uskayaw
Vehumet
Xom
Yredelemnul
Zin
The Shining One
Beogh
Jiyva
Lugonu


Message History

Your ice beast hits the molten gargoyle but does no damage.
Unknown command.
The molten gargoyle hits your ice beast with a mace!
Your ice beast dies!
The molten gargoyle barely misses your ice beast.
Your ice beast closely misses the molten gargoyle.
The molten gargoyle blasts magma at you!
The bolt of magma hits your ice beast.
Your ice beast melts!
Your ice beast dies!
The bolt of magma hits your guardian golem.
Your guardian golem partially resists.
Your guardian golem is destroyed!
The molten gargoyle blasts magma at you!
The bolt of magma hits you!
Ouch! That really hurt!
The molten gargoyle blasts magma at you!
The bolt of magma hits you!
Ouch! That really hurt!
You die...

#)#..#..#))##.....
#)#..#..#[[##.....
#.##'#..#'###...<.
#(#........##.....
#(#........##.....
#(###########.....
#.......# ######
#(###...#
#@#.....#
#.#...#.#+#
#.....#.#.+
#...###.#'#
#..รท9..)'.#
###########


You could see a molten gargoyle.

Vanquished Creatures
  An ufetubus (D)
  2 leopard geckos (D)
  A bat zombie (D)
4 creatures vanquished.

Vanquished Creatures (collateral kills)
  Sigmund (D)
  A phantom (D)
  A centaur (D)
  A big kobold (D)
  4 wights (D)
  A worker ant (D)
  An adder (D)
  An ooze (D)
  A leopard gecko (D)
  A hobgoblin (D)
  2 kobolds (D)
  A quokka (D)
16 creatures vanquished.

Grand Total: 20 creatures vanquished

Notes
Turn   | Place    | Note
-------+----------+-------------------------------------------
     0 | D        | potatolord6000 the Deep Elf Summoner began the quest for the Orb.
     0 | D        | Reached XP level 1. HP: 10/10 MP: 6/6
    57 | D        | Found a bloodstained altar of Trog.
    57 | D        | Found a deep blue altar of Sif Muna.
    57 | D        | Found a viscous altar of Jiyva.
    57 | D        | Found a hazy altar of Hepliaklqana.
    57 | D        | Found an opulent altar of Gozag.
    60 | D        | Found a glowing golden altar of the Shining One.
    60 | D        | Found a glowing silver altar of Zin.
    60 | D        | Found a basalt altar of Yredelemnul.
    60 | D        | Found a shimmering altar of Xom.
    60 | D        | Found a sacrificial altar of Ru.
    60 | D        | Found a stormy altar of Qazlal.
    60 | D        | Found an iron altar of Okawaru.
    60 | D        | Found a sparkling altar of Nemelex Xobeh.
    60 | D        | Found a burning altar of Makhleb.
    60 | D        | Found a blossoming altar of Fedhas.
    60 | D        | Found a white marble altar of Elyvilon.
    60 | D        | Found a shadowy altar of Dithmenos.
    60 | D        | Found a snail-covered altar of Cheibriados.
    63 | D        | Found a corrupted altar of Lugonu.
    63 | D        | Found a radiant altar of Vehumet.
    63 | D        | Found a roughly hewn altar of Beogh.
    64 | D        | Found an ancient bone altar of Kikubaaqudgha.
    64 | D        | Found a hide-covered altar of Uskayaw.
    64 | D        | Found a shattered altar of Ashenzari.
    65 | D        | Became a worshipper of Sif Muna the Loreminder
    91 | D        | Reached skill level 4 in Spellcasting
    91 | D        | Reached skill level 5 in Summonings
    97 | D        | Reached XP level 2. HP: 15/15 MP: 2/9
   101 | D        | Learned a level 2 spell: Call Imp
   198 | D        | Noticed a phantom
   204 | D        | Reached * piety under Sif Muna
   320 | D        | Killed a phantom
   320 | D        | Reached ** piety under Sif Muna
   320 | D        | Reached skill level 6 in Spellcasting
   320 | D        | Reached XP level 3. HP: 10/19 MP: 4/13
   320 | D        | Reached XP level 4. HP: 13/24 MP: 4/14
   325 | D        | Learned a level 3 spell: Call Canine Familiar
   330 | D        | Learned a level 4 spell: Summon Ice Beast
   334 | D        | Learned a level 3 spell: Summon Guardian Golem
   579 | D        | Reached skill level 7 in Spellcasting
   685 | D        | Noticed a centaur
   686 | D        | Noticed a big kobold
   716 | D        | Killed a centaur
   716 | D        | Reached skill level 8 in Spellcasting
   716 | D        | Reached XP level 5. HP: 19/28 MP: 5/17
   730 | D        | Reached *** piety under Sif Muna
   751 | D        | Reached skill level 1 in Invocations
   763 | D        | Reached skill level 9 in Spellcasting
   944 | D        | Noticed Sigmund
   978 | D        | Killed Sigmund
   978 | D        | Reached **** piety under Sif Muna
   978 | D        | Reached skill level 10 in Spellcasting
   978 | D        | Reached XP level 6. HP: 14/32 MP: 8/21
  1159 | D        | Noticed a molten gargoyle
  1176 | D        | Killed from afar by a molten gargoyle

Skill      XL: |  1  2  3  4  5 |
---------------+----------------+-----
Dodging        | 3 6 7 9 |  9.2
Spellcasting   | 4 6 8 10 | 10.0
Summonings     | 5 6 7 9 |  9.1
Invocations    | 3 |  3.9
Stealth        | |  2.4

Action                   |  1- 3 |  4- 6 || total
-------------------------+-------+-------++-------
Melee: Dagger            |    20 |     7 ||    27
 Cast: Summon Small Mamm |    14 |       ||    14
       Call Imp          |     8 |       ||     8
       Summon Ice Beast  |       |    13 ||    13
       Summon Guardian G |       |     7 ||     7
       Call Canine Famil |       |     2 ||     2
  Use: Potion            |     5 |     1 ||     6
       Scroll            |       |     1 ||     1
 Stab: Invisible         |     3 |       ||     3
  Eat: Meat ration       |       |     2 ||     2
Dodge: Dodged            |    11 |     8 ||    19
